 Dungeon Crawl Stone Soup version 0.28-a0-704-g4d584c6bc1 (webtiles) character file.

Game seed: 8257006750452847281

84 MacCMillion the Sneak (level 4, -1/30 HPs)
             Began as a Vampire Enchanter on Oct 24, 2021.
             Killed from afar by a white imp (7 damage)
             ... with a puff of frost
             ... summoned by Natasha
             ... on level 2 of the Dungeon.
             The game lasted 00:04:51 (1240 turns).

MacCMillion the Sneak (Vampire Enchanter)           Turns: 1240, Time: 00:04:52

Health: -1/30      AC:  2    Str:  8    XL:     4   Next: 23%
Magic:  7/8        EV: 12    Int: 17    God:
Gold:   97         SH:  0    Dex: 14    Spells: 6/8 levels left

rFire   . . .      SeeInvis +   a - +1 dagger
rCold   . . .      Faith    .   (no shield)
rNeg    . . .      Spirit   .   b - +0 robe
rPois   .          Reflect  .   (no helmet)
rElec   .          Harm     .   (no cloak)
rCorr   .          Rampage  .   (no gloves)
Will    .....                   (no boots)
Stlth   +++.......              (no amulet)
HPRegen 0.30/turn               (no ring)
MPRegen 0.11/turn               (no ring)

@: healing quickly
A: alive, fangs 3, see invisible, vampiric 2
a: Exsanguinate


You were on level 2 of the Dungeon.
You visited 1 branch of the dungeon, and saw 2 of its levels.

You collected 97 gold pieces.

Inventory:

Hand Weapons
 a - a +1 dagger (weapon)
 d - a +0 dagger of holy wrath
 f - a +3 hand axe of draining
Armour
 b - a +0 robe (worn)
Jewellery
 g - a ring of protection from fire
Scrolls
 h - a scroll of identify {unknown}
 j - a scroll of magic mapping {unknown}
 k - a scroll of enchant weapon {unknown}
Potions
 c - a potion of invisibility
 e - a potion of lignification {unknown}
 i - a potion of ambrosia {unknown}


   Skills:
 - Level 1.1 Short Blades
 - Level 2.1 Dodging
 + Level 5.5 Stealth
 + Level 2.7 Spellcasting
 + Level 5.4 Hexes
 + Level 1.5 Ice Magic


You had 6 spell levels left.
You knew the following spells:

 Your Spells              Type           Power      Damage    Failure   Level
a - Ensorcelled Hibernat  Hex/Ice        28%        N/A       7%          2

Your spell library contained the following spells:

 Spells                   Type           Power      Damage    Failure   Level
 Confusing Touch          Hex            20%        N/A       6%          3
 Tukima's Dance           Hex            20%        N/A       6%          3
 Dazzling Flash           Conj/Hex       22%        N/A       19%         3
 Ozocubu's Armour         Ice            7%         N/A       28%         3
 Ozocubu's Refrigeration  Ice            3%         4d5       100%        7


Dungeon Overview and Level Annotations

Branches:
Dungeon (2/15)

Altars:

Shops:
D:1 (:

Annotations:
D:2 exclusions: hobgoblin and 1 more exclusion, Natasha, Robin


Innate Abilities, Weirdness & Mutations

Your natural rate of healing is accelerated.
You have razor-sharp teeth.
You have supernaturally acute eyesight. (SInv)
You are afflicted with vampirism and can become a bat while bloodless.


Message History

Natasha shimmers violently.
The quokka bites you.
Casting: Ensorcelled Hibernation (safe; 7% risk of failure)
Confirm with . or Enter, or press ? or * to list all spells.
Okay, then.
You miss the quokka.
The quokka is severely wounded.
The quokka bites you.
Casting: Ensorcelled Hibernation (safe; 7% risk of failure)
Confirm with . or Enter, or press ? or * to list all spells.
Aiming: Ensorcelled Hibernation (safe; 7% risk of failure)
Press: ? - help, Shift-Dir - straight line, f - quokka
Aim: a quokka (severely wounded, chance to affect: 62%)
The quokka looks drowsy...
The helpless quokka fails to defend itself.
You impale the quokka!!
You kill the quokka!
Casting: Ensorcelled Hibernation (safe; 7% risk of failure)
Confirm with . or Enter, or press ? or * to list all spells.
You can't see any susceptible monsters within range! (Use Z to cast anyway.)
You hit the white imp.
The white imp is lightly wounded.
The white imp hits you but does no damage.
Unknown command.
You hit the white imp.
The white imp is moderately wounded.
The white imp hits you but does no damage.
You hit the white imp but do no damage. Your bite misses the white imp.
The white imp is moderately wounded.
The white imp gestures at you. The puff of frost hits you!
* * * LOW HITPOINT WARNING * * *
The white imp gestures at you. The puff of frost hits you.
* * * LOW HITPOINT WARNING * * *
Natasha wildly gestures.
Natasha's front paws start to glow.
The white imp gestures at you. The puff of frost hits you!
You die...

..#
.#.#.###..######
..
...............# .
.....###..#
.......h...# .#
...#.######h# .#
#...# #.# .# ...#
#h####.# ####
#.5..#.# ####@#.#
##.#.# ## #....#
.# ### #..### .#
#.. #..# .# #.#
#..# .#
#.##########..# .#
#.##..........#
.###.##.########.#


You could see Natasha (fast) and a white imp (summoned).

Vanquished Creatures
  Natasha (twice) (D:2)
  2 dart slugs
  A bat (D:1)
  4 endoplasms (D:1)
  2 giant cockroaches (D:1)
  A goblin (D:1)
  2 hobgoblins (D:1)
  5 kobolds (D:1)
  2 quokkas
  3 frilled lizards
  8 rats
32 creatures vanquished.

Vanquished Creatures (others)
  11 plants (D:1)
11 creatures vanquished.

Grand Total: 43 creatures vanquished

Notes
Turn   | Place    | Note
-------+----------+-------------------------------------------
     0 | D:1      | MacCMillion the Vampire Enchanter began the quest for the
                  | Orb.
     0 | D:1      | Reached XP level 1. HP: 13/13 MP: 3/3
   197 | D:1      | Reached XP level 2. HP: 17/19 MP: 5/5
   207 | D:1      | Learned a level 2 spell: Ensorcelled Hibernation
   286 | D:1      | Found Attuj's Weapon Shoppe.
   304 | D:1      | Found Limim's Book Boutique.
   615 | D:1      | Reached skill level 5 in Stealth
   657 | D:1      | Gained mutation: You are afflicted with vampirism and can
                  | become a bat while bloodless. [Vampire growth]
   657 | D:1      | Reached XP level 3. HP: 21/24 MP: 6/6
   767 | D:1      | Found a faded altar of an unknown god.
   774 | D:1      | Reached skill level 5 in Hexes
   926 | D:2      | Noticed Natasha
   936 | D:2      | Killed Natasha
   937 | D:2      | Reached skill level 1 in Ice Magic
   955 | D:2      | Noticed Natasha
   962 | D:2      | Killed Natasha
   963 | D:2      | Reached XP level 4. HP: 13/30 MP: 1/8
  1057 | D:2      | Noticed Robin
  1221 | D:2      | Noticed Natasha
  1240 | D:2      | Killed from afar by a white imp

Illustrated notes

Levels and vault maps discovered:
D:1:      dpeg_arrival_oval, layout_basic, serial_shops, shop,
          nicolae_shop_competitors_out_of_business,
          shapermc_ecumenical_altar_notcrosses, corner_web_ring,
          lexackson_kobold_supper
D:2:      layout_loops_ring, basic_altar, uniq_crazy_yiuf_cottage, uniq_robin,
          uniq_natasha

Skill      XL: |  1  2  3 |
---------------+----------+-----
Stealth        | 5 |  5.5
Hexes          | 5 |  5.4
Ice Magic      | 1 |  1.5
Short Blades   | |  1.1
Dodging        | |  2.1
Spellcasting   | |  2.7

Action                   |  1- 3 |  4- 6 || total
-------------------------+-------+-------++-------
Melee: Dagger            |    56 |    13 ||    69
       Bite              |     7 |     2 ||     9
       Hand axe          |    39 |       ||    39
 Cast: Ensorcelled Hiber |     4 |     1 ||     5
 Stab: Sleeping          |     4 |     1 ||     5
Armor: Robe              |     7 |     2 ||     9
Dodge: Dodged            |    58 |     3 ||    61

Table legend: (Time is in decaauts)
 A = Elapsed time spent in this place.
 B = Non-inter-level travel time spent in this place.
 C = Inter-level travel time spent in this place.
 D = Time resting spent in this place.
 E = Time spent auto-exploring this place.
 F = Levels seen in this place.
 G = Mean time per level.
                   A        B        C        D        E       F      G
               +--------+--------+--------+--------+--------+-----+--------+
         Total |   1246 |   1236 |     10 |     61 |    850 |   2 |  623.0 |
       Dungeon |   1246 |   1236 |     10 |     61 |    850 |   2 |  623.0 |
               +--------+--------+--------+--------+--------+-----+--------+

Top non-repeatable levels by time:
     D:1: 817 daAuts
     D:2: 428 daAuts
